 Dungeon Crawl Stone Soup version 0.27.0-1-g7a089689b8 (webtiles) character file.

Game seed: 17805884945798607450

91 Legadrian the Covered (level 4, -5/37 HPs)
             Began as a Human Fighter on Aug 3, 2021.
             Killed from afar by an orc wizard (6 damage)
             ... with a magic dart
             ... on level 3 of the Dungeon.
             The game lasted 00:07:20 (2352 turns).

Legadrian the Covered (Human Fighter)               Turns: 2352, Time: 00:07:20

Health: -5/37      AC:  7    Str: 18    XL:     4   Next: 88%
Magic:  4/4        EV:  7    Int:  8    God:
Gold:   47         SH: 10    Dex: 12    Spells: 3/3 levels left

rFire    . . .     SeeInvis .   j - +0 short sword (elec)
rCold    . . .     Faith    .   c - +1 kite shield
rNeg     . . .     Spirit   .   b - +0 scale mail
rPois    .         Reflect  .   (no helmet)
rElec    .         Harm     .   (no cloak)
rCorr    .         Rampage  .   (no gloves)
Will     .....                  (no boots)
Stlth    ..........             (no amulet)
HPRegen  0.12/turn              (no ring)
MPRegen  0.09/turn              (no ring)

@: no status effects
A: no striking features
a: no special abilities


You were on level 3 of the Dungeon.
You visited 1 branch of the dungeon, and saw 3 of its levels.

You collected 47 gold pieces.

Inventory:

Hand Weapons
 a - a +0 long sword
 j - a +0 short sword of electrocution (weapon)
Armour
 b - a +0 scale mail (worn)
 c - a +1 kite shield (worn)
Magical Staves
 h - a staff of air
Jewellery
 g - a +6 ring of intelligence
Scrolls
 e - a scroll of noise
 f - a scroll of identify {unknown}
 l - a scroll of torment {unknown}
 m - a scroll of teleportation {unknown}
Potions
 d - 3 potions of might
 i - a potion of haste
 k - a potion of heal wounds {unknown}


   Skills:
 + Level 4.0 Fighting
 - Level 2.0 Long Blades
 + Level 4.3 Armour
 - Level 0.5 Dodging
 - Level 3.0 Shields


You had 3 spell levels left.
You didn't know any spells.
Your spell library contained the following spells:

 Spells                   Type           Power      Damage    Failure   Level
 Summon Guardian Golem    Hex/Summ       0%         N/A       100%        3
 Orb of Destruction       Conj           0%         N/A       100%        7
 Spellforged Servitor     Conj/Summ      0%         N/A       100%        7


Dungeon Overview and Level Annotations

Branches:
Dungeon (3/15)

Altars:


Message History

Something hits you but does no damage.
You miss something. Something hits you but does no damage.
You miss something. You block something's attack.
You barely miss something. Something hits you.
You hit something.
You hear some strange, mumbled words.
You are confused.
Something hits you but does no damage.
You hear some strange, mumbled words.
Something tries to affect you, but you resist.
You bump into the rock wall.
Your shield and scale mail prevent you from hitting something.
Something hits you.
You bump into the rock wall.
You hear some strange, mumbled words.
Something tries to affect you, but you resist.
You bump into the rock wall.
You feel less confused. Something hits you but does no damage.
You hit something.
You hear some strange, mumbled words.
A puff of flame appears from out of thin air!
The puff of flame hits you.
You miss something.
You hear some strange, mumbled words.
A magic dart appears from out of thin air!
The magic dart hits you.
You hit something. Something hits you.
* * * LOW HITPOINT WARNING * * *
Something hits you but does no damage.
You closely miss something. Something hits you.
* * * LOW HITPOINT WARNING * * *
You hit something. Something hits you.
* * * LOW HITPOINT WARNING * * *
You miss something. Something hits you.
* * * LOW HITPOINT WARNING * * *
You hear some strange, mumbled words.
A magic dart appears from out of thin air!
The magic dart hits you.
You die...

##########.# #.#.#.#.#
.#.####.#.
........##.###.#.#.#.#
.. ....
........##............
....
........###....#.#.#
####. ........#
#....#.#.# #. ........#
#....#.#
........###....#.#
...............#.#
...............#@#
..............##{#
######........##o###.##
#....#.....o.......
#....#...........##
#....#.............
#....#.............
#..).#............. ###
##.###'##....o


You could see 2 orcs.

Vanquished Creatures
  4 adders
  A dart slug (D:1)
  An orc (D:3)
  6 bats
  6 endoplasms
  A giant cockroach (D:1)
  5 hobgoblins (D:1)
  2 jackals (D:2)
  2 quokkas (D:1)
  8 ball pythons
  A frilled lizard (D:1)
  3 goblins
  6 kobolds
  2 rats (D:1)
48 creatures vanquished.

Notes
Turn   | Place    | Note
-------+----------+-------------------------------------------
     0 | D:1      | Legadrian the Human Fighter began the quest for the Orb.
     0 | D:1      | Reached XP level 1. HP: 18/18 MP: 1/1
   147 | D:1      | Reached XP level 2. HP: 15/24 MP: 2/2
   684 | D:1      | Reached XP level 3. HP: 29/29 MP: 3/3
  1175 | D:2      | Reached XP level 4. HP: 27/37 MP: 4/4
  1293 | D:2      | Found a faded altar of an unknown god.
  2352 | D:3      | HP: 1/37 [something (1)]
  2352 | D:3      | Killed from afar by an orc wizard

Illustrated notes

Levels and vault maps discovered:
D:1:      lightli_arrival_chessboard, layout_loops_corners
D:2:      layout_loops_ring, hellmonk_ecumenical_altar_heavens_door
D:3:      layout_basic, uniq_natasha, uniq_terence, uniq_robin

Skill      XL: |  1  2  3  4 |
---------------+-------------+-----
Armour         | 4 |  4.3
Fighting       | 4 |  4.0
Long Blades    | |  2.0
Dodging        | |  0.5
Shields        | |  3.0

Action                   |  1- 3 |  4- 6 || total
-------------------------+-------+-------++-------
Melee: Long sword        |    99 |    12 ||   111
       Short sword       |       |    50 ||    50
  Use: Scroll            |       |     4 ||     4
       Potion            |       |     2 ||     2
Armor: Scale mail        |    58 |    26 ||    84
Dodge: Dodged            |    40 |    16 ||    56
Block: Kite shield       |    57 |    17 ||    74
       Rpst.: Long sword |    16 |     2 ||    18
